Unix NetHack Version 5.0.0-0 post-release - last build May  4 2026 22:22:43 (774f63e81ad911689b3a0859ea89b322d5daca8d,branch:main).

Game began 2026-05-07 11:54:20, ended 2026-05-07 12:21:49.

01246791210, neutral male human Barbarian

                                                        --------------
                                         --------       |..`.........|
                                         |......|      #|............|
                     ------              |......| ######|............|
                     |....|              |......|######`+........{..<|
                     |....|              |......|##     |............|
         |           |.Z..|              |.......##     ------------.-
         |...d.-     e@Z...#             -|------#                  #
         |           --|---#########``############               ####
                       ###      #######    ####  #             ###
                       # #      #-------------|- #           ###
                       ###      #|.............| ### # #######
                        ##      #|...>.........|   #-.-.---
                        ###   ###..............|   #|.....|
                       -|-.- ##  |.............|   #......|
                       |...-##   |.............|    |....h|
                       |...|     ---------------    -------
                       |..(-##############
                       -----

01246791210 the Pillager   St:18/01 Dx:18 Co:18 In:6 Wi:9 Ch:6  Neutral
Dlvl:5  $:55 HP:0(43) Pw:12(12) AC:7  Xp:4 T:3803 

Latest messages:
 Perhaps that's why you cannot move it.
 The door opens.
 You kill the centipede!
 You see here 7 arrows.
 f - 7 arrows (27 in total).
 With great effort you move the boulder.
 You try to move the boulder, but in vain.
 You try to move the boulder, but in vain.
 You try to move the boulder, but in vain.
 You try to move the boulder, but in vain.
 You try to move the boulder, but in vain.
 You try to move the boulder, but in vain.
 You try to move the boulder, but in vain.
 You try to move the boulder, but in vain.
 You try to move the boulder, but in vain.
 You try to move the boulder, but in vain.
 You kill the iguana!
 You find a hidden door.
 The door opens.
 You see here a chest.
 You have trouble lifting a chest.  Continue? [ynq] (q) n
 You see here a chest.
 The door opens.
 You see here a fortune cookie.
 V - a fortune cookie.
 You see here a brass wand.
 W - a brass wand.
 You smite the floating eye!
 You are frozen by the floating eye's gaze!
 The goblin hits!
 The elf zombie hits the goblin.
 The goblin is killed!
 The elf zombie hits!
 The elf zombie hits!
 The elf zombie hits!
 The elf zombie hits!
 The orc zombie rises from the dead!
 The elf zombie hits!
 The orc zombie hits!
 The elf zombie hits!
 The orc zombie hits!
 The elf zombie hits!
 The orc zombie hits!
 The elf zombie hits!
 You die...
 Do you want your possessions identified? [ynq] (y) n
 Do you want to see your attributes? [ynq] (y) n
 Do you want an account of creatures vanquished? [ynaq] (y) n
 Do you want to see your conduct and achievements? [ynq] (y) n
 Do you want to see the dungeon overview? [ynq] (y) n

Inventory:
 Coins    ('$')
  $ - 55 gold pieces
 Weapons  (')')
  e - a +2 arrow
  f - 27 +0 arrows
  j - 8 cursed rustproof +0 arrows
  B - a +0 elven dagger
  F - a cursed -1 elven dagger
  C - 2 +0 orcish daggers
  b - a +0 axe (alternate weapon; not wielded)
  k - a cursed +0 trident
  a - a +0 two-handed sword (weapon in hands)
 Armor    ('[')
  c - an uncursed +0 ring mail (being worn)
 Comestibles  ('%')
  w - 2 uncursed food rations
  V - an uncursed fortune cookie
  T - an uncursed pancake
  K - an uncursed egg
 Scrolls  ('?')
  G - a blessed scroll of charging
  u - an uncursed scroll of create monster
  J - an uncursed scroll of enchant armor
  m - an uncursed scroll of enchant weapon
  s - an uncursed scroll of magic mapping
 Spellbooks  ('+')
  r - an uncursed spellbook of sleep
 Potions  ('!')
  Q - a blessed potion of extra healing
  E - an uncursed potion of extra healing
  v - a blessed potion of healing
  n - an uncursed potion of see invisible
 Rings    ('=')
  I - an uncursed ring of conflict
 Wands    ('/')
  W - a wand of magic missile (0:6)
 Gems/Stones  ('*')
  o - an uncursed agate stone
  L - an uncursed citrine stone
  p - an uncursed worthless piece of red glass
  P - an uncursed worthless piece of white glass
 Boulders/Statues  ('`')
  N - an empty uncursed statue of an iguana

01246791210 the Barbarian's attributes:

Background:
 You were a Pillager, a level 4 male human Barbarian.
 You were neutral, nominally on a mission for Crom
 who was opposed by Mitra (lawful) and Set (chaotic).
 You were right-handed.
 You were in the Dungeons of Doom, on level 5.
 You entered the dungeon 3803 turns ago.
 You had 140 experience points, 20 more were needed to attain level 5.

Basics:
 You had 0 out of 43 hit points.
 You had all 12 energy points (spell power).
 Your armor class was 7.
 Your wallet contained 55 zorkmids.
 Autopickup was off.

Final Characteristics:
 Your strength was 18/01 (limit:18/100).
 Your dexterity was 18 (limit:18).
 Your constitution was 18 (limit:18).
 Your intelligence was 6 (limit:18).
 Your wisdom was 9 (limit:18).
 Your charisma was 6 (limit:18).

Final Status:
 You weren't hungry.
 You were unencumbered.
 You were wielding a two-handed sword.
 You had basic skill with two-handed sword.

Final Attributes:
 You were piously aligned.
 You were poison resistant.
 You were warded.
 You are dead.

Miscellaneous:
 You didn't encounter any bones levels.
 Total elapsed playing time was 27 minutes and 29 seconds.

Major events:
 Turn
    1: 01246791210 the neutral male human Barbarian entered the dungeon
 1402: attained the rank of Pillager (level 3)
 2549: entered the Gnomish Mines
 3803: killed by an elf zombie, while frozen by a floating eye's gaze

You didn't know any spells.

Skills:
 Fighting Skills
   bare handed combat [Basic]
   two weapon combat  [Unskilled]
   riding             [Unskilled]
 Weapon Skills
   dagger             [Unskilled]
   axe                [Basic]
   pick-axe           [Unskilled]
   short sword        [Unskilled]
   broadsword         [Unskilled]
   long sword         [Unskilled]
   two-handed sword   [Basic]
   saber              [Unskilled]
   club               [Unskilled]
   mace               [Unskilled]
   morning star       [Unskilled]
   flail              [Unskilled]
   hammer             [Unskilled]
   quarterstaff       [Unskilled]
   spear              [Unskilled]
   trident            [Unskilled]
   bow                [Unskilled]
 Spellcasting Skills
   attack spells      [Unskilled]
   escape spells      [Unskilled]

Voluntary challenges:
 Character rerolling was not enabled.
 You were an atheist.
 You never genocided any monsters.
 You never polymorphed an object.
 You never changed form.
 You used no wishes.
Achievements:
 You entered a shop.
 You attained the rank of Pillager.
 You entered the Gnomish Mines.

 The Dungeons of Doom: levels 1 to 5
    Level 1:
    Level 2:
       A weapon shop, a sink.
    Level 3:
       Stairs down to The Gnomish Mines.
    Level 4:
       A grave.
    Level 5: <- You were here.
       A fountain.
       Final resting place for
          you, killed by an elf zombie, while frozen by a floating eye's gaze.
 The Gnomish Mines:
    Level 4:


Vanquished creatures:
  a centipede
 an iguana
 an acid blob
  a gas spore
  2 hobbits
  a hobgoblin
  5 giant rats
  a brown mold
  a gnome
  3 geckos
  5 jackals
  2 foxes
  4 goblins
  3 sewer rats
  7 grid bugs
  a bat
  9 lichens
  a kobold zombie
  6 newts
55 creatures vanquished.

No species were genocided or became extinct.

Game over:
                       ----------
                      /          \
                     /    REST    \
                    /      IN      \
                   /     PEACE      \
                  /                  \
                  |   01246791210    |
                  |      55 Au       |
                  | killed by an elf |
                  |      zombie      |
                  |                  |
                  |                  |
                  |       2026       |
                 *|     *  *  *      | *
        _________)/\\_//(\/(/\)/\//\/|_)_______

Goodbye 01246791210 the Barbarian...

You died in The Dungeons of Doom on dungeon level 5 with 810 points,
and 55 pieces of gold, after 3803 moves.
You were level 4 with a maximum of 43 hit points when you died.

